 Dungeon Crawl Stone Soup version 0.27-a0-1308-gc08437e49b (webtiles) character file.

Game seed: 10091698981457024028

22714 Vidar99 the Severer (level 12, -4/99 (115) HPs)
             Began as a Minotaur Fighter on June 18, 2021.
             Was a High Priest of Okawaru.
             Slain by a sun demon (10 damage)
             ... summoned by an orc sorcerer
             ... led by Saint Roka
             ... while paralysed by an orc sorcerer
             ... on level 2 of the Orcish Mines on June 19, 2021.
             The game lasted 02:28:49 (16972 turns).

Vidar99 the Severer (Minotaur Fighter)             Turns: 16972, Time: 02:28:50

HP:   -4/99 (115)   AC: 26    Str: 27    XL:     12   Next: 65%
MP:   11/11         EV:  2    Int: 15    God:    Okawaru [*****.]
Gold: 1294          SH:  0    Dex: 16    Spells: 11/11 levels left

rFire    + . .     SeeInvis .   d - +2 war axe (vorpal)
rCold    x . .     Faith    .   c - +0 kite shield
rNeg     . . .     Spirit   .   v - +3 plate armour
rPois    .         Reflect  .   u - +2 hat {Int+3}
rElec    .         Harm     .   q - +0 cloak
rCorr    +         Rampage  .   E - +0 pair of gloves
Will     +....                  i - +1 pair of boots
Stlth    ..........             x - amulet "Voiptice" {RegenMP +Blink Int+3 Dex+4}
HPRegen  0.26/turn              j - ring "Rounycaa" {Will+ rCorr Str+3 Slay+4}
MPRegen  0.37/turn              e - ring of Duqoinka {Fire Fly Int+4}

@: paralysed, flying, heavily drained
A: horns 2, retaliatory headbutt
a: Renounce Religion, Evoke Blink, Heroism, Finesse


You were on level 2 of the Orcish Mines.
You worshipped Okawaru.
Okawaru was extremely pleased with you.
You visited 3 branches of the dungeon, and saw 14 of its levels.
You also visited: Ice Cave.

You collected 1522 gold pieces.
You spent 228 gold pieces at shops.

Inventory:

Hand Weapons
 a - a +3 dire flail
 d - a +2 vorpal war axe (weapon)
 f - a +0 whip of flaming
 H - a +3 battleaxe
Missiles
 m - 101 sling bullets
 n - 5 javelins
Armour
 c - a +0 kite shield (worn)
 i - a +1 pair of boots (worn)
 q - a +0 cloak (worn)
 u - a +2 hat of intelligence (worn)
 v - a +3 plate armour (worn)
 w - a +4 ring mail of poison resistance
 E - a +0 pair of gloves (worn)
Jewellery
 e - the ring of Duqoinka (right hand) {Fire Fly Int+4}
   (You acquired it on level 5 of the Dungeon)

   [ring of fire]

   It enhances your fire magic.
   It affects your intelligence (+4).
   It protects you from fire.
   It makes you vulnerable to cold.
   It grants you flight.
 j - the ring "Rounycaa" (left hand) {Will+ rCorr Str+3 Slay+4}
   (You acquired it on level 4 of the Dungeon)

   [ring of slaying]

   It affects your strength (+3).
   It affects your accuracy and damage with ranged weapons and melee attacks
   (+4).
   It protects you from acid and corrosion.
   It increases your willpower.
 x - the amulet "Voiptice" (around neck) {RegenMP +Blink Int+3 Dex+4}
   (You found it on level 6 of the Dungeon)

   [amulet of magic regeneration]

   It increases your rate of magic regeneration.
   It affects your intelligence (+3).
   It affects your dexterity (+4).
   It lets you blink.
 y - a ring of fire
 F - a +4 ring of evasion
 L - a +6 ring of strength
Wands
 g - a wand of flame (52)
 l - a wand of acid (16)
 r - a wand of mindburst (21) (quivered)
 B - a wand of charming (19)
 G - a wand of iceblast (9)
 I - a wand of digging (8)
Scrolls
 t - a scroll of brand weapon {unknown}
 z - 3 scrolls of teleportation
 K - 3 scrolls of fear
 N - 2 scrolls of amnesia
Potions
 b - 2 potions of lignification
 h - a potion of brilliance {unknown}
 k - a potion of haste
 o - 6 potions of curing
 p - a potion of invisibility
 s - a potion of flight
 D - a potion of berserk rage
Miscellaneous
 O - a piece from Xom's chessboard (15/15)


   Skills:
 + Level 13.4 Fighting
 - Level 7.2 Long Blades
 - Level 16.0 Axes
 + Level 11.9 Armour
 - Level 0.2 Dodging
 - Level 3.6 Shields
 - Level 1.0 Invocations
 - Level 2.0 Evocations


You had 11 spell levels left.
You didn't know any spells.
Your spell library contained the following spells:

 Spells                   Type           Power      Damage    Failure   Level
 Beastly Appendage        Tmut           0%         N/A       100%        1
 Foxfire                  Conj/Fire      0%         2x1d4     100%        1
 Magic Dart               Conj           0%         1d3       100%        1
 Shock                    Conj/Air       0%         1d3       100%        1
 Searing Ray              Conj           0%         3d3       100%        2
 Static Discharge         Conj/Air       0%         N/A       100%        2
 Wereblood                Tmut           0%         N/A       100%        2
 Conjure Flame            Conj/Fire      0%         6-21      100%        3
 Dazzling Flash           Conj/Hex       0%         N/A       100%        3
 Inner Flame              Hex/Fire       0%         N/A       100%        3
 Spider Form              Tmut/Pois      0%         N/A       100%        3
 Swiftness                Air            0%         N/A       100%        3
 Airstrike                Air            0%         N/A       100%        4
 Fulminant Prism          Conj/Hex       0%         3d6       100%        4
 Ice Form                 Ice/Tmut       0%         N/A       100%        4
 Iskenderun's Mystic Bla  Conj/Tloc      0%         2d3       100%        4
 Sticky Flame             Conj/Fire      0%         2d3       100%        4
 Fireball                 Conj/Fire      0%         3d3       100%        5
 Lightning Bolt           Conj/Air       0%         1d11      100%        5


Dungeon Overview and Level Annotations

Branches:
Dungeon (11/15)            Temple (1/1) D:7             Orc (2/2) D:10
    Elf (0/3) Orc:2         IceCv (visited)
   Lair: D:8-11

Altars:
Ashenzari
Cheibriados
Dithmenos
Elyvilon
Fedhas
Gozag
Hepliaklqana
Kikubaaqudgha
Makhleb
Nemelex Xobeh
Okawaru
Qazlal
Ru
Sif Muna
Trog
Uskayaw
Vehumet
Wu Jian
Xom
Yredelemnul
Zin
The Shining One
Beogh

Shops:
D:4 *   D:5 !

Annotations:
D:11 exclusion: oklob plant


Innate Abilities, Weirdness & Mutations

You have a pair of horns on your head.
You reflexively headbutt those who attack you in melee.


Message History

Things that are here:
a +0 club; an orc corpse The orc sorcerer casts a spell at you.
The bolt of negative energy hits you!!
You feel drained.
The orc knight shoots a bolt.
The bolt hits you!
The orc knight shoots a bolt.
You block the bolt.
You hear a shout!
The orc sorcerer gestures at you while chanting.
You resist with almost no effort. The orc sorcerer casts a spell at you.
The bolt of fire hits you! You resist.
The orc knight roars a battlecry!
The orcs go into a battle-frenzy!
The orc knight shoots a bolt.
You block the bolt. The orc sorcerer casts a spell at you.
You resist with almost no effort.
The orc sorcerer points at you and mumbles some strange words.
The bolt of fire hits you. You resist.
There is a stone staircase leading up, spattered with blood here.
The orc knight shoots a bolt.
The bolt hits you but does no damage.
The orc sorcerer gestures wildly while chanting.
The orc sorcerer gestures at you while chanting.
You suddenly lose the ability to move!
The orc sorcerer gestures at you while chanting.
The bolt of negative energy hits you!!
You feel drained.
The orc sorcerer gestures at you while chanting.
The bolt of negative energy hits you!
You feel drained.
The orc sorcerer no longer looks unusually strong.
The red devil hits you from afar with a +0 trident!
* * * LOW HITPOINT WARNING * * *
The orc sorcerer casts a spell.
The orc sorcerer points at you and mumbles some strange words.
The bolt of negative energy hits you!
You feel drained.
* * * LOW HITPOINT WARNING * * *
The red devil hits you from afar with a +0 trident.
* * * LOW HITPOINT WARNING * * *
The orc knight roars a battlecry!
The orc sorcerer goes into a battle-frenzy!
The sun demon hits you!
You die...

...............^......#
.....(................#
......................#
.................##...#
.....................##
......<..)...........#
........[...........##
..........[..........#
...............o@.<..##
.........[).<.43......#
#..........)..oo.....##
#.............o.......#
##...................##
.#....................#
.'.8............_....##
)')...#...............#
.o)8.................##


You could see an orc knight, a sun demon (summoned), 2 orc sorcerers, a red
devil (summoned) and an orc warrior (strong).

Vanquished Creatures
  A hydra (D:10)
  An ogre mage (D:11)
  5 two-headed ogres
  An orc high priest (Orc:2)
  2 orc knights (Orc:1)
  Pikel (D:6)
  An ugly thing (D:11)
  2 orc sorcerers (Orc:1)
  3 cyclopes
  Psyche (D:9)
  2 kobold demonologists (D:11)
  2 ice devils (Orc:1)
  A komodo dragon (shapeshifter) (D:10)
  An unseen horror (D:11)
  7 trolls
  Grinder (D:3)
  2 hornets (D:10)
  10 yaks
  A spriggan (shapeshifter) (D:10)
  2 wyverns (D:9)
  A wraith (D:10)
  A steam dragon (D:6)
  6 humans (D:10)
  4 vampire mosquitoes (D:11)
  6 wargs
  2 water moccasins
  A hornet zombie (D:8)
  12 orc warriors
  2 sky beasts
  10 ogres
  A black bear (D:5)
  2 necrophages
  2 centaurs
  2 phantoms
  A kobold brigand (D:9)
  Blork the orc (D:4)
  A bullfrog (D:7)
  A water moccasin skeleton (D:6)
  9 killer bees (D:9)
  11 wights
  A howler monkey (D:9)
  A bullfrog zombie (D:6)
  A gnoll shaman (D:5)
  6 hounds
  3 centaur zombies
  2 jellies
  11 orc priests
  A centaur skeleton (D:5)
  Jessica (D:3)
  A bullfrog skeleton (D:3)
  Ijyb (D:5)
  21 orc wizards
  A hound zombie (D:5)
  2 howler monkey zombies
  Robin (D:3)
  7 gnolls
  A howler monkey skeleton (D:5)
  6 adders
  A shadow imp (D:7)
  A white imp (D:7)
  An ufetubus (D:7)
  A worm (D:2)
  4 dart slugs
  58 orcs
  4 bats
  8 endoplasms
  3 giant cockroaches
  13 goblins
  9 hobgoblins
  13 jackals
  6 quokkas
  10 ball pythons
  2 frilled lizards (D:1)
  22 kobolds
  5 rats
352 creatures vanquished.

Notes
Turn   | Place    | Note
-------+----------+-------------------------------------------
     0 | D:1      | Vidar99 the Minotaur Fighter began the quest for the Orb.
     0 | D:1      | Reached XP level 1. HP: 19/19 MP: 0/0
   129 | D:1      | Reached XP level 2. HP: 21/27 MP: 1/1
   244 | D:1      | Found a faded altar of an unknown god.
   511 | D:1      | Reached XP level 3. HP: 33/33 MP: 2/2
  1674 | D:3      | Noticed Jessica
  1688 | D:3      | Killed Jessica
  1689 | D:3      | Reached XP level 4. HP: 29/41 MP: 3/3
  1777 | D:3      | Reached XP level 5. HP: 43/47 MP: 4/4
  1892 | D:3      | Noticed Robin
  1908 | D:3      | Reached skill level 5 in Armour
  1910 | D:3      | Reached skill level 5 in Long Blades
  1911 | D:3      | Killed Robin
  2384 | D:3      | Noticed Grinder
  2392 | D:3      | Killed Grinder
  2393 | D:3      | Reached skill level 5 in Fighting
  2393 | D:3      | Reached XP level 6. HP: 43/56 MP: 5/5
  2636 | D:4      | Noticed an orc warrior
  2652 | D:4      | Identified a scroll of acquirement
  2652 | D:4      | Acquired the ring "Rounycaa" {Will+ rCorr Str+3 Slay+4}
  3033 | D:4      | Found a burning altar of Makhleb.
  3036 | D:4      | Noticed a blizzard demon
  3040 | D:4      | Noticed a smoke demon
  3040 | D:4      | Noticed a ynoxinul
  3105 | D:4      | Killed an orc warrior
  3106 | D:4      | Reached XP level 7. HP: 31/62 MP: 6/6
  3404 | D:4      | Found Wuuch's CLEARANCE SALE! EVERYTHING MUST GO!.
  3430 | D:4      | Bought 3 scrolls of identify for 18 gold pieces
  3454 | D:4      | Noticed Blork the orc
  3465 | D:4      | Killed Blork the orc
  3674 | D:4      | Reached skill level 1 in Axes
  4210 | D:5      | Entered Level 5 of the Dungeon
  4218 | D:5      | Reached skill level 2 in Axes
  4238 | D:5      | Identified the +1 robe of a sewer {Rampage rPois rC-}
  4247 | D:5      | Found Liuvakug's Distillery.
  4261 | D:5      | Reached skill level 3 in Axes
  4263 | D:5      | Bought a potion of might for 56 gold pieces
  4263 | D:5      | Bought a potion of curing for 42 gold pieces
  4263 | D:5      | Bought a potion of curing for 42 gold pieces
  4263 | D:5      | Bought a potion of heal wounds for 70 gold pieces
  4327 | D:5      | Reached XP level 8. HP: 56/73 MP: 7/7
  4440 | D:5      | Reached skill level 4 in Axes
  4754 | D:5      | Noticed Ijyb
  4762 | D:5      | Killed Ijyb
  4861 | D:5      | Reached skill level 5 in Axes
  4957 | D:5      | Acquired the ring of Duqoinka {Fire Fly Int+4}
  5397 | D:6      | Reached skill level 6 in Axes
  5422 | D:6      | Identified the amulet "Voiptice" {RegenMP +Blink Int+3
                  | Dex+4}
  5494 | D:6      | Reached skill level 7 in Axes
  5544 | D:6      | Noticed Pikel
  5560 | D:6      | Killed Pikel
  5561 | D:6      | Reached skill level 8 in Axes
  5561 | D:6      | Reached XP level 9. HP: 79/81 MP: 8/8
  5908 | D:6      | Reached skill level 9 in Axes
  6446 | D:7      | Found a staircase to the Ecumenical Temple.
  6457 | Temple   | Entered the Ecumenical Temple
  6541 | Temple   | Became a worshipper of Warmaster Okawaru
  6559 | D:7      | Found a snail-covered altar of Cheibriados.
  6585 | D:7      | Found a sacrificial altar of Ru.
  6757 | D:7      | Found a broken altar of Ashenzari.
  7738 | D:8      | Noticed a troll
  7747 | D:8      | Killed a troll
  7748 | D:8      | Reached skill level 10 in Axes
  7876 | D:8      | Reached * piety under Okawaru
  7968 | D:8      | Reached XP level 10. HP: 78/91 MP: 9/9
  8183 | D:8      | Noticed a two-headed ogre
  8193 | D:8      | Killed a two-headed ogre
  8193 | D:8      | Reached ** piety under Okawaru
  8194 | D:8      | Reached skill level 11 in Axes
  8749 | D:8      | Reached skill level 12 in Axes
  9084 | D:9      | Reached *** piety under Okawaru
  9160 | D:9      | Found a radiant altar of Vehumet.
  9483 | D:9      | Found an ornate altar of the Wu Jian Council.
  9502 | D:9      | Noticed Psyche
  9523 | D:9      | Killed Psyche
  9808 | D:9      | Noticed a cyclops
  9812 | D:9      | Killed a cyclops
  9813 | D:9      | Reached skill level 10 in Armour
  9971 | D:10     | Entered Level 10 of the Dungeon
 10022 | D:10     | Noticed a two-headed ogre
 10030 | D:10     | Reached skill level 13 in Axes
 10030 | D:10     | Reached skill level 1 in Evocations
 10032 | D:10     | Killed a two-headed ogre
 10032 | D:10     | Reached **** piety under Okawaru
 10033 | D:10     | Reached skill level 10 in Fighting
 10033 | D:10     | Reached XP level 11. HP: 83/99 MP: 10/10
 10253 | D:10     | Found a staircase to the Orcish Mines.
 10268 | D:10     | Reached ***** piety under Okawaru
 10546 | D:10     | Found a glowing silver altar of Zin.
 11270 | D:10     | Reached skill level 14 in Axes
 11294 | D:10     | Found an iron altar of Okawaru.
 11940 | Orc:1    | Entered Level 1 of the Orcish Mines
 11942 | Orc:1    | Noticed an orc sorcerer
 11949 | Orc:1    | Killed an orc sorcerer
 11996 | Orc:1    | Found a frozen archway.
 12002 | Orc:1    | HP: 5/102 [ice devil (20)]
 12045 | IceCv    | Entered an ice cave
 12380 | Orc:1    | Reached skill level 15 in Axes
 12598 | Orc:1    | Noticed an orc sorcerer
 12606 | Orc:1    | Killed an orc sorcerer
 12875 | Orc:2    | Entered Level 2 of the Orcish Mines
 12875 | Orc:2    | Noticed an orc knight
 12880 | Orc:2    | Noticed an orc knight
 13723 | D:11     | Noticed an oklob plant
 13748 | D:11     | Noticed a cyan ugly thing
 13755 | D:11     | Killed a cyan ugly thing
 13813 | D:11     | Received a gift from Okawaru
 13972 | D:11     | Noticed an ogre mage
 13972 | D:11     | Noticed a two-headed ogre
 13972 | D:11     | Noticed a five-headed hydra
 13972 | D:11     | Noticed a two-headed ogre
 15189 | D:11     | Reached XP level 12. HP: 90/112 MP: 11/11
 15284 | D:11     | Noticed a two-headed ogre
 15304 | D:11     | Killed a two-headed ogre
 15307 | D:11     | Killed a two-headed ogre
 15308 | D:11     | Reached skill level 1 in Invocations
 15312 | D:11     | Killed a two-headed ogre
 15312 | D:11     | Received a gift from Okawaru
 15316 | D:11     | Killed an ogre mage
 15774 | D:10     | Killed a five-headed hydra
 16064 | Orc:1    | Reached skill level 16 in Axes
 16363 | Orc:2    | Found a staircase to the Elven Halls.
 16769 | Orc:2    | Noticed an orc high priest
 16780 | Orc:2    | Killed an orc high priest
 16967 | Orc:2    | Paralysed by an orc sorcerer for 6 turns
 16972 | Orc:2    | Slain by a sun demon

Illustrated notes

Levels and vault maps discovered:
D:1:      amcnicky_arrival_gap_in_the_tavern_cellar, layout_rooms,
          hellmonk_ecumenical_altar_blasted, hangedman_glass_teeth,
          serial_bayou_pond_a, minmay_misc_feat_diagonals, minmay_pentomino_u4
D:2:      layout_basic
D:3:      layout_loops_ring, kennysheep_small_spiral, st_stairs_11,
          uniq_jessica, uniq_robin, uniq_grinder
D:4:      layout_basic, makhleb_altar_promises_db, nicolae_shop_clearance,
          uniq_blork_the_orc
D:5:      layout_loops_ring, serial_shops, nicolae_shop_stone, uniq_ijyb
D:6:      layout_loops_ring, uniq_pikel
D:7:      layout_loops_corners, kennysheep_mini, lemuel_tele_altar,
          general_overflow_altar, minmay_temple_entry_butterflies,
          kennysheep_generic_room_11
D:8:      layout_gridville, bh_walls_and_bars
D:9:      layout_rooms, nzn_wu_jian_contemplation, amcnicky_altar_gilded,
          uniq_psyche
D:10:     layout_gridville, minmay_orc_entry_guard_dogs, serial_bayou_pond_e,
          hangedman_feature_mirror, hellmonk_bongcloud_opening,
          amcnicky_mini_corridor_feature, minmay_ruffians
D:11:     layout_roguey, dpeg_oklobed_lair
Temple:   compressed_dpeg_circular_temple
Orc:1:    layout_caves, basic_altar, portal_ice_cave_demonic_guard
Orc:2:    grunt_orc_community_town_hall, layout_caves,
          grunt_orc_community_big_house_2, grunt_orc_community_big_house_2,
          grunt_orc_community_house_1, grunt_orc_community_house_3,
          grunt_orc_community_house_3, grunt_orc_community_house_2, basic_altar,
          serial_shops, shop, kennysheep_orc_sif_temple

Skill      XL: |  1  2  3  4  5  6  7  8  9 10 11 12 |
---------------+-------------------------------------+-----
Armour         | 4 5 6 7 8 10 11 | 11.9
Fighting       | 4 5 7 8 9 10 12 13 | 13.4
Long Blades    | 3 4 6 7 |  7.2
Axes           | 3 8 10 13 15 16 | 16.0
Evocations     | 1 2 |  2.0
Invocations    | 1 |  1.0
Dodging        | |  0.2
Shields        | |  3.6

Action                   |  1- 3 |  4- 6 |  7- 9 | 10-12 || total
-------------------------+-------+-------+-------+-------++-------
Melee: Long sword        |   109 |    98 |    30 |       ||   237
       Headbutt          |    15 |    14 |    44 |   130 ||   203
       War axe           |       |       |   187 |   370 ||   557
       Lajatang          |       |       |       |     4 ||     4
       Whip              |       |       |       |     8 ||     8
Invok: Heroism           |       |       |       |     3 ||     3
 Abil: Evoke Blink       |       |       |       |     1 ||     1
Evoke: Wand              |       |     1 |     5 |    12 ||    18
  Use: Scroll            |     4 |     3 |     7 |     9 ||    23
       Potion            |     1 |     3 |     1 |     8 ||    13
 Stab: Distracted        |       |     1 |       |       ||     1
Armor: Chain mail        |    73 |    73 |    42 |       ||   188
       Ring mail         |       |       |    61 |   168 ||   229
       Plate armour      |       |       |       |    32 ||    32
Dodge: Dodged            |    28 |    19 |    50 |   118 ||   215
Block: Kite shield       |    78 |    55 |   113 |   200 ||   446
       Rpst.: Long sword |    13 |     3 |     2 |       ||    18

Table legend: (Time is in decaauts)
 A = Elapsed time spent in this place.
 B = Non-inter-level travel time spent in this place.
 C = Inter-level travel time spent in this place.
 D = Time resting spent in this place.
 E = Time spent auto-exploring this place.
 F = Levels seen in this place.
 G = Mean time per level.
                   A        B        C        D        E       F      G
               +--------+--------+--------+--------+--------+-----+--------+
         Total |  17144 |  16968 |    176 |   3794 |   2190 |  15 | 1142.9 |
       Dungeon |  14912 |  14736 |    176 |   2773 |   2113 |  11 | 1355.6 |
        Temple |     88 |     88 |      0 |      0 |      0 |   1 |   88.0 |
  Orcish Mines |   2139 |   2139 |      0 |   1021 |     77 |   2 | 1069.5 |
      Ice Cave |      3 |      3 |      0 |      0 |      0 |   1 |    3.0 |
               +--------+--------+--------+--------+--------+-----+--------+

Top non-repeatable levels by time:
    D:10: 3433 daAuts
   Orc:1: 1607 daAuts
     D:4: 1592 daAuts
     D:8: 1422 daAuts
     D:7: 1395 daAuts
     D:5: 1214 daAuts
    D:11: 1201 daAuts
     D:3: 1071 daAuts
     D:9: 964 daAuts
     D:6: 959 daAuts
     D:1: 873 daAuts
     D:2: 784 daAuts
   Orc:2: 532 daAuts
  Temple: 88 daAuts
   IceCv: 3 daAuts
